 Dungeon Crawl Stone Soup version 0.20-a0-947-g2784f4f (webtiles) character file.

1421 Hybris the Cudgeler (level 8, 0/52 HPs)
             Began as a Gargoyle Fighter on Apr 3, 2017.
             Slain by an orc warrior
             ... wielding a +0 flail of crushing
              (1 damage)
             ... on level 6 of the Dungeon.
             The game lasted 00:11:59 (4374 turns).

Hybris the Cudgeler (Gargoyle Fighter)              Turns: 4374, Time: 00:12:00

Health: 0/52       AC: 20    Str: 25    XL:     8   Next: 72%
Magic:  8/8        EV: 10    Int: 14    God:
Gold:   81         SH:  0    Dex:  9    Spells: 7/7 levels left

rFire    . . .     SeeInvis .   e - +2 dire flail (protect)
rCold    + . .     Gourm    +   (shield currently unavailable)
rNeg     + . .     Faith    .   b - +1 scale mail of Dishonesty {MR+ Regen+ Int+4}
rPois    ∞         Spirit   .   (no helmet)
rElec    +         Reflect  .   a - scarf {rC+}
rCorr    .         Harm     .   (no gloves)
MR       +....                  (no boots)
Stlth    ..........             n - amulet of the gourmand
Regen    0.6/turn               g - +4 ring of strength
MPRegen  0.2/turn               (no ring)

@: protection aura
A: negative energy resistance 1, electricity resistance, unbreathing,
petrification resistance, rot immunity, AC +5
a: no special abilities


You were on level 6 of the Dungeon.
You were very full.

You visited 1 branch of the dungeon, and saw 6 of its levels.

You collected 288 gold pieces.
You spent 207 gold pieces at shops.

Inventory:

Hand Weapons
 e - a +2 dire flail of protection (weapon)
 v - a +0 flail of crushing
Armour
 a - a scarf of cold resistance (worn)
 b - the +1 scale mail of Dishonesty (worn) {MR+ Regen+ Int+4}
   (You bought it in a shop on level 5 of the Dungeon)

   It affects your intelligence (+4).
   It affects your resistance to hostile enchantments.
   It increases your rate of regeneration.
 c - a +1 shield
Jewellery
 g - a +4 ring of strength (left hand)
 n - an amulet of the gourmand (around neck)
 o - an uncursed amulet of rage
Wands
 q - a wand of random effects (30/48)
Scrolls
 h - 4 scrolls of identify
 l - a scroll of remove curse
 p - 2 scrolls of teleportation
 s - a scroll of fear
 y - a scroll of enchant armour
Potions
 d - a potion of might
 i - a potion of invisibility {unknown}
 j - a potion of agility {unknown}
 k - 2 potions of brilliance
 t - 2 potions of curing {unknown}
 u - a potion of degeneration {unknown}
 w - a potion of cancellation {unknown}
 x - a potion of mutation {unknown}
 z - 2 potions of heal wounds {unknown}
 A - a potion of lignification {unknown}
 B - 2 potions of ambrosia {unknown}
Comestibles
 f - 3 bread rations
 m - 2 royal jellies
 r - 2 meat rations


   Skills:
 + Level 6.4 Fighting
 * Level 7.8 Maces & Flails
 + Level 6.5 Armour
 - Level 3.2 Shields


You had 7 spell levels left.
You didn't know any spells.

Dungeon Overview and Level Annotations

Branches:
Dungeon (6/15)
 Temple: D:4-7

Altars:
The Shining One

Shops:
D:5 ?[*


Innate Abilities, Weirdness & Mutations

You are resistant to torment.
Your stone body is resilient. (AC +5)
You are immune to poison.
You resist negative energy. (rN+)
You are resistant to electric shocks. (rElec)
You can survive without breathing.
You are immune to petrification.
You are immune to rotting.


Message History

You sock the orc warrior!
The orc warrior is severely wounded.
The orc warrior hits you but does no damage.
You completely miss the orc warrior.
The orc warrior is severely wounded.
The orc warrior hits you but does no damage.
You closely miss the orc warrior.
The orc warrior is severely wounded.
The orc warrior hits you but does no damage.
You sock the orc warrior!
The orc warrior is almost dead.
The orc warrior hits you with a flail of crushing!
* * * LOW HITPOINT WARNING * * *
x2 You closely miss the orc warrior.
The orc warrior is almost dead.
You closely miss the orc warrior.
The orc warrior is almost dead.
The orc warrior hits you with a flail of crushing!
* * * LOW HITPOINT WARNING * * *
You die...

....# . ##....## ..
......# ... ......# ...
......# #.. #....####
###...##....#..#
......o@.......#
......)#.......#
.......#.......# ###
##.....#.....).# #.###
#....####'#########....
#######......##...#....
#.............#...
#.............#...
#.............#...


You could see an orc warrior.

Vanquished Creatures
  Edmund (D:5)
  A water moccasin (D:5)
  2 ice beasts
  4 ogres
  The ghost of derval the Digger, an amateur GrEE (D:3)
  A bullfrog zombie (D:5)
  3 crimson imps
  A hound (D:4)
  A jelly (D:5)
  A gnoll shaman (D:4)
  Ijyb (D:4)
  A worker ant (D:4)
  A howler monkey zombie (D:6)
  15 gnolls
  8 adders
  2 shadow imps (D:5)
  2 oozes
  2 worms (D:2)
  A dart slug (D:1)
  4 leopard geckos
  5 orcs
  4 giant cockroaches
  15 goblins
  3 hobgoblins
  2 jackals
  3 quokkas
  A ball python (D:4)
  7 bats
  5 frilled lizards
  6 kobolds
  3 leopard gecko skeletons
  9 rats
116 creatures vanquished.

Notes
Turn   | Place    | Note
-------+----------+-------------------------------------------
     0 | D:1      | Hybris the Gargoyle Fighter began the quest for the Orb.
     0 | D:1      | Reached XP level 1. HP: 14/14 MP: 1/1
   194 | D:1      | Reached XP level 2. HP: 16/19 MP: 2/2
   389 | D:1      | Reached skill level 3 in Maces & Flails
   591 | D:1      | Reached XP level 3. HP: 23/23 MP: 3/3
   962 | D:2      | Reached XP level 4. HP: 28/29 MP: 4/4
  1258 | D:2      | Reached skill level 4 in Maces & Flails
  1381 | D:3      | Reached XP level 5. HP: 20/33 MP: 5/5
  2108 | D:3      | Noticed derval's ghost (amateur GrEE)
  2120 | D:3      | Killed derval's ghost
  2120 | D:3      | Reached XP level 6. HP: 30/39 MP: 6/6
  2204 | D:3      | Reached skill level 5 in Maces & Flails
  2215 | D:3      | You fall through a shaft for 2 floors!
  2215 | D:5      | Entered Level 5 of the Dungeon
  2216 | D:5      | Noticed an ice beast
  2228 | D:5      | Killed an ice beast
  2240 | D:5      | Noticed a water moccasin
  2261 | D:5      | Killed a water moccasin
  2261 | D:5      | Reached XP level 7. HP: 17/44 MP: 7/7
  2285 | D:4      | Reached skill level 5 in Fighting
  2285 | D:4      | Reached skill level 5 in Armour
  2815 | D:4      | Found a glowing golden altar of the Shining One.
  2834 | D:4      | Reached skill level 6 in Maces & Flails
  3168 | D:4      | Noticed Ijyb
  3190 | D:4      | Killed Ijyb
  3336 | D:4      | Reached XP level 8. HP: 45/50 MP: 8/8
  3861 | D:5      | Reached skill level 7 in Maces & Flails
  3888 | D:5      | Found Nasun's Antique Armour Emporium.
  3891 | D:5      | Bought a pitted scale mail for 207 gold pieces
  3891 | D:5      | Identified the +1 scale mail of Dishonesty {MR+ Regen+ Int+4} (You bought it in a shop on level 5 of the Dungeon)
  3935 | D:5      | Found Qoxe's Magic Scroll Shop.
  4107 | D:5      | Noticed Edmund
  4136 | D:5      | Killed Edmund
  4167 | D:5      | Found Laututzo's Assorted Antiques.
  4374 | D:6      | HP: 1/52 [orc warrior/flail of crushing (12)]
  4374 | D:6      | Slain by an orc warrior

Vault maps used:
D:1:      onia_arrival_mini_maze
D:2:      minmay_item_behind_shaft, hangedman_decor_diamond_cutter,
          grunt_decor_one_mirror
D:3:      first_bread
D:4:      lemuel_crystal_altar, uniq_iyjb
D:5:      serial_shops, shop, shop, kennysheep_mini_moat, uniq_edmund
D:6:      uniq_prince_ribbit1

Skill      XL: |  1  2  3  4  5  6  7  8 |
---------------+-------------------------+-----
Maces & Flails | 3 4 5 6 7 |  7.8
Fighting       | 4 5 6 |  6.4
Armour         | 4 5 6 |  6.5
Shields        | |  3.2

Action                   |  1- 3 |  4- 6 |  7- 9 || total
-------------------------+-------+-------+-------++-------
Melee: Flail             |   109 |   163 |   225 ||   497
       Dire flail        |       |       |    44 ||    44
 Abil: Evoke Berserk Rag |       |       |     1 ||     1
  Use: Scroll            |       |       |    11 ||    11
       Potion            |       |       |     2 ||     2
  Eat: Chunk             |       |     5 |    22 ||    27
Armor: Scale mail        |    50 |    88 |   107 ||   245
       Ring mail         |       |       |     2 ||     2
Dodge: Dodged            |    31 |    48 |    73 ||   152
Block: Shield            |    60 |    94 |    94 ||   248
